 Dungeon Crawl Stone Soup version 0.23.1 (webtiles) character file.

Game seed: 15066747740293324050

869 Moggy the Stinger (level 8, -5/57 HPs)
             Began as a Formicid Venom Mage on Mar 13, 2019.
             Killed from afar by an orc wizard (8 damage)
             ... with a puff of flame
             ... on level 5 of the Dungeon.
             The game lasted 00:14:56 (5851 turns).

Moggy the Stinger (Formicid Venom Mage)             Turns: 5851, Time: 00:14:57

Health: -5/57      AC: 10    Str: 14    XL:     8   Next: 24%
Magic:  13/13      EV: 11    Int: 16    God:
Gold:   117        SH:  0    Dex: 11    Spells: 11/14 levels left

rFire    . . .     SeeInvis +   n - +0 hand axe (freeze)
rCold    + + .     Gourm    .   (no shield)
rNeg     . . .     Faith    .   e - +2 ring mail {rC+}
rPois    .         Spirit   .   (helmet unavailable)
rElec    .         Reflect  .   o - +0 cloak
rCorr    .         Harm     .   f - +0 pair of gloves
MR       .....                  (no boots)
Stlth    +.........             (no amulet)
HPRegen  0.19/turn              d - ring of protection from cold
MPRegen  0.13/turn              (no ring)

@: no status effects
A: permanent stasis, dig shafts and tunnels, four strong arms, antennae 3
a: Dig, Shaft Self


You were on level 5 of the Dungeon.
You were near starving.

You visited 1 branch of the dungeon, and saw 5 of its levels.

You collected 117 gold pieces.

Inventory:

Hand Weapons
 b - a +0 short sword
 n - a +0 hand axe of freezing (weapon)
 u - a cursed -1 spear
Missiles
 j - 3 tomahawks (quivered)
Armour
 a - a +0 robe
 e - a +2 ring mail of cold resistance (worn)
 f - a +0 pair of gloves (worn)
 o - a +0 cloak (worn)
Jewellery
 d - a ring of protection from cold (left hand)
Wands
 p - a wand of scattershot (3)
 t - a wand of iceblast (8)
Scrolls
 g - 7 scrolls of identify {unknown}
 h - 2 scrolls of remove curse {unknown}
 i - a scroll of amnesia {unknown}
 k - a scroll of magic mapping {unknown}
 l - a scroll of noise {unknown}
 m - a scroll of teleportation {unknown}
 r - a scroll of enchant weapon {unknown}
Comestibles
 c - 5 rations


   Skills:
 + Level 2.6 Fighting
 + Level 2.8 Axes
 * Level 5.0 Armour
 - Level 1.7 Dodging
 - Level 2.4 Stealth
 * Level 3.9 Spellcasting
 - Level 0.8 Conjurations
 * Level 2.6 Air Magic
 * Level 6.1 Poison Magic


You had 11 spell levels left.
You knew the following spells:

 Your Spells              Type           Power        Failure   Level  Hunger
a - Sting                 Conj/Pois      ##..         8%          1    None
b - Poisonous Vapours     Pois/Air       ###...       9%          2    ##.....

Your spell library contained the following spells:

 Spells                   Type           Power        Failure   Level  Hunger
 Mephitic Cloud           Conj/Pois/Air  ##......     26%         3    ###....
 Olgreb's Toxic Radiance  Pois           ###.....     26%         4    ####...
 Venom Bolt               Conj/Pois      ##........   91%         5    ######.


Dungeon Overview and Level Annotations

Branches:
Dungeon (5/15)
 Temple: D:4-7

Altars:
Nemelex Xobeh
Qazlal


Innate Abilities, Weirdness & Mutations

You cannot be hasted, slowed, berserked, paralysed or teleported.
You can dig through walls and to a lower floor.
Your four strong arms can wield two-handed weapons with a shield.
You have a pair of large antennae on your head. (SInv)


Message History

You start resting.
Your transformation is almost over.
You start resting.
An orc wizard comes into view. It is wielding a +0 dagger.
The orc wizard shouts!
An orc comes into view. It is wielding a +0 falchion.
Sorry, you're not good enough to have a special ability.
The orc wizard casts a cantrip, but nothing happens.
The orc wizard looks encouraged for a moment.
An orc comes into view. It is wielding a +2 flail of crushing.
The orc wizard casts a spell at you.
The puff of frost hits you but does no damage.
You feel less wooden.
Your +0 cloak unmelds from your body.
Your +0 pair of gloves unmelds from your body.
Your +2 ring mail of cold resistance unmelds from your body.
You feel resistant to cold.
The orc wizard points at you and mumbles some strange words.
The puff of flame hits you!
You die...

#............
#...)........
#............
.####............
.................
................
........)†......
#...@.)......
#.#####...(....o.$.
#######.##...............
.....##.##...............
.....##.##.(.(..(....o...
.....##.##..........o....
.....##.##≈..............
.....##.##...............
...<.##......#######.####


You could see an orc wizard and 2 orcs.

Vanquished Creatures
  2 centaurs (D:5)
  An ogre (D:4)
  A bullfrog (D:5)
  2 howler monkeys
  3 orc priests (D:4)
  2 iguanas
  Ijyb (D:3)
  An orc wizard (D:4)
  4 worker ants
  8 adders
  A howler monkey skeleton (D:2)
  An ooze (D:1)
  3 worms
  3 dart slugs
  2 leopard geckos
  12 orcs
  4 giant cockroaches
  6 goblins
  13 hobgoblins
  2 jackals (D:3)
  10 kobolds
  5 quokkas
  4 ball pythons
  A ball python skeleton (D:4)
  6 bats
  2 frilled lizards
  A quokka skeleton (D:5)
  10 rats
111 creatures vanquished.

Notes
Turn   | Place    | Note
-------+----------+-------------------------------------------
     0 | D:1      | Moggy the Formicid Venom Mage began the quest for the Orb.
     0 | D:1      | Reached XP level 1. HP: 13/13 MP: 3/3
   287 | D:1      | Reached XP level 2. HP: 19/19 MP: 3/5
   318 | D:1      | Learned a level 2 spell: Poisonous Vapours
   805 | D:1      | Reached XP level 3. HP: 20/24 MP: 6/6
   943 | D:1      | Reached skill level 5 in Poison Magic
  1432 | D:1      | Reached skill level 1 in Armour
  1511 | D:2      | Reached XP level 4. HP: 20/31 MP: 7/7
  2111 | D:2      | Found a sparkling altar of Nemelex Xobeh.
  2124 | D:2      | Reached skill level 1 in Air Magic
  2416 | D:2      | Found a faded altar of an unknown god.
  2431 | D:2      | Reached skill level 1 in Fighting
  2585 | D:2      | Reached XP level 5. HP: 37/37 MP: 9/9
  3674 | D:3      | Noticed Ijyb
  3710 | D:3      | Killed Ijyb
  3834 | D:3      | Reached XP level 6. HP: 31/43 MP: 10/10
  4169 | D:4      | Reached skill level 1 in Axes
  4728 | D:4      | Reached XP level 7. HP: 50/50 MP: 8/11
  5305 | D:4      | Found a stormy altar of Qazlal.
  5570 | D:5      | Entered Level 5 of the Dungeon
  5835 | D:5      | Reached skill level 6 in Poison Magic
  5835 | D:5      | Reached XP level 8. HP: 7/57 MP: 13/13
  5837 | D:5      | Reached skill level 5 in Armour
  5838 | D:5      | HP: 2/85 [iguana (4)]
  5851 | D:5      | Killed from afar by an orc wizard

Skill      XL: |  1  2  3  4  5  6  7  8 |
---------------+-------------------------+-----
Poison Magic   | 5 6 |  6.1
Armour         | 1 2 3 4 5 |  5.0
Air Magic      | 1 2 |  2.6
Fighting       | 1 2 |  2.6
Spellcasting   | 3 |  3.9
Axes           | 1 2 |  2.8
Dodging        | |  1.7
Stealth        | |  2.4
Conjurations   | |  0.8

Action                   |  1- 3 |  4- 6 |  7- 9 || total
-------------------------+-------+-------+-------++-------
Melee: Unarmed           |     7 |       |       ||     7
       Short sword       |   146 |   183 |       ||   329
       Hand axe          |       |   103 |    72 ||   175
 Cast: Sting             |    12 |       |       ||    12
       Poisonous Vapours |     1 |    12 |    16 ||    29
Evoke: Wand              |       |     2 |       ||     2
  Use: Potion            |       |       |     1 ||     1
 Stab: Sleeping          |     2 |       |       ||     2
  Eat: Chunk             |     2 |    12 |     3 ||    17
Armor: Robe              |     4 |       |       ||     4
       Ring mail         |   100 |   183 |    32 ||   315
       Skin              |       |       |    44 ||    44
Dodge: Dodged            |    87 |   215 |    37 ||   339
